 Dungeon Crawl Stone Soup version 0.32-a0-666-ge8a88695a4 (webtiles) character file.

Game seed: 2954698864968440612

198722 jasper the Brawler (level 17, 0/178 HPs)
             Began as a Troll Fighter on Mar 9, 2024.
             Was a High Priest of Wu Jian.
             Slain by a spark wasp (22 damage)
             ... on level 4 of the Spider Nest.
             The game lasted 00:53:42 (24271 turns).

jasper the Brawler (Troll Fighter)                 Turns: 24271, Time: 00:53:42

Health: 0/178      AC: 15    Str: 32    XL:     17   Next: 82%
Magic:  16/16      EV: 23    Int:  8    God:    Wu Jian [*****.]
Gold:   2238       SH: 19    Dex: 12    Spells: 11/16 levels left

rFire   + .          .
                       - Unarmed
rCold   + + .        Y - +0 kite shield {rC+ rF+}
rNeg    . . .        N - +0 acid dragon scales
rPois   +            K - +2 hat
rElec   .            p - +2 cloak {rPois}
rCorr   +            (gloves unavailable)
SInv    .            (boots unavailable)
Will    +....        R - amulet of reflection
Stlth   +            m - ring of Autumn {rC+ EV+5 Int+2 Dex+3}
HPRegen 1.29/turn    G - ring of the Octopus King {rCorr HP+2 AC+2 EV+2 SH+2}
MPRegen 0.15/turn

%: reflection
@: in a heavenly storm, slowed, glowing, very slow
A: large, unfitting armour, claws 3, regeneration 1, shaggy fur 1, tough skin 1
}: 1/15 runes: barnacled
a: Renounce Religion, Wall Jump, Serpent's Lash, Heavenly Storm


You were on level 4 of the Spider Nest.
You worshipped Wu Jian.
Wu Jian was extremely pleased with you.
You visited 5 branches of the dungeon, and saw 30 of its levels.
You also visited: Gauntlet and Ice Cave.

You collected 2995 gold pieces.
You spent 757 gold pieces at shops.

Inventory:

Missiles
 d - 5 throwing nets
 k - 265 stones (quivered)
 x - 16 javelins
 M - 24 large rocks
Armour
 p - a +2 cloak of poison resistance (worn)
 K - a +2 hat (worn)
 N - +0 acid dragon scales (worn)
 Y - a +0 kite shield of resistance (worn)
Jewellery
 m - the ring of Autumn (left claw) {rC+ EV+5 Int+2 Dex+3}
   (You found it on level 5 of the Dungeon)

   [ring of evasion]

   EV+5:      It affects your evasion (+5).
   Int+2:     It affects your intelligence (+2).
   Dex+3:     It affects your dexterity (+3).
   rC+:       It protects you from cold.
 u - a ring of protection from fire
 v - a +4 ring of slaying
 G - a ring of the Octopus King (right claw) {rCorr HP+2 AC+2 EV+2 SH+2}
   (You found it on level 5 of the Lair of Beasts)

   [ring of resist corrosion]

   AC+2:      It affects your AC (+2).
   EV+2:      It affects your evasion (+2).
   HP+2:      It affects your health (+2).
   rCorr:     It protects you from acid and corrosion.
   SH+2:      It affects your SH (+2).
 P - a ring of protection from fire
 R - an amulet of reflection (around neck)
 U - a ring of flight
 X - a ring of protection from cold
Talismans
 h - a granite talisman
Wands
 o - a wand of flame (39)
 y - a wand of charming (28)
 A - a wand of quicksilver (16)
 F - a wand of mindburst (20)
 I - a wand of digging (8)
 Q - a wand of polymorph (2)
 V - a wand of roots (10)
Scrolls
 f - 4 scrolls of immolation
 g - 15 scrolls of teleportation
 j - 6 scrolls of vulnerability
 q - 4 scrolls of blinking
 r - 5 scrolls of torment
 s - a scroll of summoning
 w - a scroll of fear
 B - 5 scrolls of fog
 E - 11 scrolls of identify
 J - 3 scrolls of poison
 L - a scroll of revelation
 Z - a scroll of enchant armour
Potions
 a - a potion of cancellation
 b - 2 potions of enlightenment
 c - 4 potions of invisibility
 e - a potion of berserk rage
 i - 5 potions of haste
 n - 3 potions of heal wounds
 t - 2 potions of mutation
 z - 4 potions of lignification
 C - a potion of attraction
 D - 6 potions of brilliance
 H - 10 potions of curing
 O - 2 potions of resistance
 S - 2 potions of magic
 T - 5 potions of might
Miscellaneous
 l - a lightning rod (2/4)
 W - a phial of floods


   Skills:
 - Level 13.1 Fighting
 - Level 2.1 Throwing
 - Level 11.0 Dodging
 - Level 14.3 Shields
 - Level 20.8 Unarmed Combat
 + Level 10.0 Shapeshifting


You had 11 spell levels left.
You knew the following spells:

 Your Spells              Type           Power      Damage    Failure   Level
a - Swiftness             Air            0%         N/A       91%         3
b - Blink                 Tloc           0%         N/A       71%         2

Your spell library contained the following spells:

 Spells                   Type           Power      Damage    Failure   Level
 Sandblast                Erth           0%         2d4       56%         1
 Shock                    Conj/Air       0%         1d3       56%         1
 Slow                     Hex            0%         N/A       56%         1
 Lesser Beckoning         Tloc           0%         N/A       71%         2
 Momentum Strike          Conj/Tloc      0%         3d8       71%         2
 Confusing Touch          Hex            0%         N/A       91%         3
 Gell's Gravitas          Tloc           0%         N/A       91%         3
 Passwall                 Erth           0%         N/A       91%         3
 Sigil of Binding         Hex            0%         N/A       91%         3
 Stone Arrow              Conj/Erth      0%         3d7       91%         3
 Teleport Other           Tloc           0%         N/A       91%         3
 Tukima's Dance           Hex            0%         N/A       91%         3
 Vampiric Draining        Necr           0%         2d6       91%         3
 Airstrike                Air            0%         2d(0-16)  100%        4
 Animate Dead             Necr           0%         N/A       100%        4
 Brom's Barrelling Bould  Conj/Erth      0%         2d3       100%        4
 Ignite Poison            Fire/Alch      0%         N/A       100%        4
 Passage of Golubria      Tloc           0%         N/A       100%        4
 Sticky Flame             Fire/Alch      0%         2d4       100%        4
 Summon Blazeheart Golem  Fire/Summ      0%         N/A       100%        4
 Borgnjor's Vile Clutch   Necr/Erth      0%         N/A       100%        5
 Summon Forest            Summ/Tloc      0%         N/A       100%        5
 Summon Mana Viper        Hex/Summ       0%         N/A       100%        5
 Yara's Violent Unravell  Hex/Alch       0%         3d3       100%        5
 Death Channel            Necr           0%         N/A       100%        6
 Summon Cactus Giant      Summ           0%         N/A       100%        6
 Orb of Destruction       Conj           0%         9d5       100%        7
 Spellforged Servitor     Conj/Summ      0%         N/A       100%        7
 Ignition                 Fire           0%         3d3       100%        8


Dungeon Overview and Level Annotations

Branches:
Dungeon (15/15)            Temple (0/1) D:7            Lair (5/5) D:11
 Shoals (4/4) Lair:3       Spider (4/4) Lair:3        Slime (0/5) Lair:4
    Orc (2/2) D:11            Elf (0/3) Orc:2        Vaults (0/5) D:14
 Depths (0/4) D:15          IceCv (visited)         Gauntlet (visited)

Altars:
Ashenzari
Elyvilon
Fedhas
Gozag
Hepliaklqana
Kikubaaqudgha
Okawaru
Qazlal
Trog
Vehumet
Wu Jian
Xom
Zin
The Shining One
Beogh
Jiyva

Shops:
Orc:1 (   Orc:2 [![?

Annotations:
Lair:1 exclusion: 3 oklob plants
Lair:2 exclusion: oklob plant
Lair:3 3 runed translucent doors, Sesiytys's ghost, journeyman HuWn


Innate Abilities, Weirdness & Mutations

You are too large for most types of armour.
You have claws for hands.
Your natural rate of healing is unusually fast.
You are covered in fur. (AC +1)
You have tough skin. (AC +1)


Message History

The demonic crawler hits you but does no damage.
The redback barely misses you. The spark wasp stings you!
* * * LOW HITPOINT WARNING * * *
The spark wasp shocks you!
* * * LOW HITPOINT WARNING * * *
The torpor snail misses you.
The boulder beetle leaps! 2 emperor scorpions come into view.
You take 17 damage, and have 29/178 hp.
You mangle the redback!!
The redback is severely wounded.
You block the redback's attack. You block the demonic crawler's attack.
The demonic crawler closely misses you. You block the demonic crawler's attack.
The entropy weaver barely misses you. The entropy weaver misses you.
The entropy weaver completely misses you.
The entropy weaver hits you!
* * * LOW HITPOINT WARNING * * *
The spark wasp barely misses you. The redback barely misses you.
The entropy weaver misses you.
The entropy weaver hits you but does no damage.
The entropy weaver completely misses you.
The entropy weaver misses you. The demonic crawler misses you.
The demonic crawler closely misses you.
The demonic crawler completely misses you.
The torpor snail closely misses you. The spark wasp stings you.
* * * LOW HITPOINT WARNING * * *
The spark wasp shocks you!
* * * LOW HITPOINT WARNING * * *
The emperor scorpion moves out of view.
A redback comes into view.
You take 28 damage, and have 1/178 hp.
Okay, then.
You feel much better. You block the redback's attack.
You block the spark wasp's attack. You block the demonic crawler's attack.
The demonic crawler misses you.
The demonic crawler completely misses you.
The entropy weaver completely misses you.
The entropy weaver misses you. The entropy weaver closely misses you.
The entropy weaver completely misses you.
The redback completely misses you. The spark wasp stings you!!
You die...

.## ... ... ....
~.....# ..^..
~....^ #..≈~##~#..#
.# #..#≈#~.#..##.#
.....≈~....s..^
.....s○§ss..ss.
#..○Bsw#s..#
.##..°§@y☼...##
B^...§#°s☼....#
.^...##§§#...####
###.....#######.##
#........#...#...#
#..##.......^#.†.##
#.^#####...#.^.#..#
#..^##^##..##..#
#.^.########..#


You could see an emperor scorpion, an entropy weaver, a spark wasp, a torpor
snail, a demonic crawler, 2 orb spiders and a redback.

Vanquished Creatures
  Bai Suzhen (Spider:3)
  Arachne (Spider:3)
  Jorgrun (Shoals:3)
  Rupert (Lair:3)
  Roxanne (Shoals:3)
  2 emperor scorpions (Spider:2)
  2 ghost moths
  An angel (Shoals:4)
  A broodmother (Spider:1)
  A spark wasp (Spider:3)
  A dire elephant (Lair:5)
  A minotaur (Gauntlet)
  2 merfolk javelineers
  6 merfolk impalers
  Fannar (D:10)
  A rakshasa (D:12)
  A vault guard (D:14)
  2 radroaches
  A death knight (D:14)
  Erolcha (D:11)
  4 satyrs
  7 catoblepae
  9 centaur warriors
  A dancing weapon (D:14)
  7 hydras
  5 two-headed ogres
  2 boulder beetles (Spider:3)
  2 merfolk aquamancers (Shoals:4)
  20 death yaks
  Urug (D:11)
  8 demonic crawlers
  A deep troll earth mage (D:15)
  A deep troll shaman (Lair:5)
  4 orc high priests (Orc:2)
  Amaemon (Lair:1)
  4 pharaoh ants
  A cherub (Shoals:4)
  5 skysharks
  2 skeletal warriors
  5 orb spiders
  9 sea snakes
  A bog body (IceCv)
  A harpy (shapeshifter) (D:14)
  17 harpies
  2 necromancers
  3 deep elf pyromancers
  An orc knight (D:15)
  4 steelbarb worms (Spider:3)
  13 wolf spiders
  2 orc sorcerers (Orc:2)
  8 cyclopes
  A moth of wrath (Spider:4)
  11 fauns
  11 elephants
  9 ugly things
  12 manticores
  7 meliai
  Maurice (D:7)
  6 merfolk sirens
  4 black mambas
  7 gargoyles
  An orange demon (Lair:1)
  2 water nymphs
  2 ice statues (IceCv)
  12 cane toads
  4 rime drakes
  A torpor snail (Spider:2)
  3 freezing wraiths
  12 komodo dragons
  2 kobold demonologists
  4 unseen horrors
  5 yaktaurs (D:15)
  3 efreet
  Psyche (D:11)
  4 ice devils (IceCv)
  4 anaconda simulacra (IceCv)
  9 trolls
  3 polar bears
  25 merfolk
  A troll (shapeshifter) (D:14)
  4 wind drakes
  A hornet (D:9)
  18 tarantellas
  Grinder (D:3)
  16 blink frogs
  8 dream sheep (Shoals:4)
  6 snapping turtles
  A spriggan (shapeshifter) (D:12)
  12 culicivoras
  18 jumping spiders
  4 slime creatures
  4 water elementals
  3 dire elephant simulacra (IceCv)
  4 shadows
  A vampire (D:8)
  51 yaks
  4 wraiths
  3 wyverns (Lair:5)
  A death yak simulacrum (IceCv)
  A warg (D:11)
  5 steam dragons
  8 vampire mosquitoes
  6 basilisks
  29 redbacks
  A harpy simulacrum (IceCv)
  4 acid dragons
  3 swamp worms (Gauntlet)
  2 hydra simulacra (IceCv)
  21 water moccasins
  19 orc warriors
  2 ice beasts
  A black bear (D:6)
  3 laughing skulls (Gauntlet)
  2 ogres (Orc:1)
  29 wolves
  A boggart (D:15)
  4 centaurs
  A phantom (D:6)
  8 bullfrogs
  2 gnoll sergeants
  A scorpion (D:4)
  A two-headed ogre simulacrum (IceCv)
  10 wights
  22 killer bees
  5 electric eels
  4 howler monkeys
  3 hounds
  30 orc priests
  4 bombardier beetles
  A gnoll bouda (D:9)
  6 jellies
  4 sleepcaps
  29 orc wizards
  3 iguanas
  4 hell rats (Lair:1)
  A wolf simulacrum (IceCv)
  19 gnolls
  5 adders
  2 naga simulacra (IceCv)
  An ufetubus (IceCv)
  A dart slug (D:4)
  3 ribbon worms
  50 orcs
  3 ball pythons
  9 bats
  3 endoplasms
  3 giant cockroaches
  5 goblins
  3 hobgoblins
  9 jackals
  2 kobolds
  2 quokkas
  4 frilled lizards
  7 rats
  2 butterflies (D:7)
920 creatures vanquished.

Vanquished Creatures (others)
  A culicivora (Spider:3)
1 creature vanquished.

Grand Total: 921 creatures vanquished

Notes
Turn   | Place    | Note
-------+----------+-------------------------------------------
     0 | D:1      | jasper the Troll Fighter began the quest for the Orb.
     0 | D:1      | Reached XP level 1. HP: 22/22 MP: 0/0
   301 | D:1      | Found a faded altar of an unknown god.
   339 | D:1      | Reached XP level 2. HP: 29/29 MP: 1/1
   831 | D:2      | Reached XP level 3. HP: 36/36 MP: 2/2
  1039 | D:2      | Reached skill level 3 in Unarmed Combat
  1461 | D:2      | Reached XP level 4. HP: 43/44 MP: 3/3
  1500 | D:2      | Identified a scroll of acquirement
  1500 | D:2      | Acquired a manual of Dodging
  1734 | D:3      | Reached XP level 5. HP: 49/53 MP: 4/4
  1821 | D:3      | Reached skill level 4 in Unarmed Combat
  1876 | D:3      | Noticed Grinder
  1882 | D:3      | Paralysed by Grinder for 3 turns
  1902 | D:3      | HP: 2/53 [Grinder/nerve-wracking pain (13)]
  1910 | D:3      | Killed Grinder
  1911 | D:3      | Reached XP level 6. HP: 7/61 MP: 5/5
  2137 | D:3      | Found a radiant altar of Vehumet.
  2137 | D:3      | Found a blossoming altar of Fedhas.
  2139 | D:3      | Found a stormy altar of Qazlal.
  2139 | D:3      | Found a bloodstained altar of Trog.
  2141 | D:3      | Found a hazy altar of Hepliaklqana.
  2141 | D:3      | Found a shimmering altar of Xom.
  2142 | D:3      | Found an ornate altar of the Wu Jian Council.
  2150 | D:3      | Became a worshipper of the Wu Jian Council
  2203 | D:4      | Reached skill level 5 in Unarmed Combat
  2519 | D:4      | Reached XP level 7. HP: 55/68 MP: 6/6
  2598 | D:4      | Reached skill level 5 in Dodging
  2838 | D:5      | Entered Level 5 of the Dungeon
  2957 | D:5      | Identified the ring of Autumn {rC+ EV+5 Int+2 Dex+3}
  3113 | D:5      | Reached * piety under Wu Jian
  3227 | D:5      | Reached XP level 8. HP: 74/76 MP: 7/7
  4121 | D:6      | Reached skill level 10 in Dodging
  4406 | D:7      | Reached skill level 1 in Shapeshifting
  4411 | D:7      | Reached XP level 9. HP: 64/81 MP: 6/8
  4427 | D:7      | Noticed Maurice
  4556 | D:7      | Something stole a ring of fire
  4557 | D:7      | Something stole a beast talisman
  4561 | D:7      | Something stole 2 throwing nets
  4568 | D:7      | Something stole 339 gold
  4570 | D:7      | Something stole 77 gold
  4573 | D:7      | Killed Maurice
  4645 | D:7      | Found a staircase to the Ecumenical Temple.
  4656 | D:7      | Reached skill level 1 in Throwing
  4722 | D:7      | Reached ** piety under Wu Jian
  5008 | D:8      | Reached skill level 6 in Unarmed Combat
  5082 | D:8      | Reached skill level 5 in Shields
  5192 | D:8      | Reached XP level 10. HP: 94/94 MP: 9/9
  5388 | D:8      | Reached skill level 7 in Unarmed Combat
  5398 | D:8      | Reached skill level 5 in Fighting
  5754 | D:8      | Found an ancient bone altar of Kikubaaqudgha.
  5910 | D:9      | Reached skill level 8 in Unarmed Combat
  5917 | D:9      | Reached *** piety under Wu Jian
  6184 | D:9      | Reached skill level 9 in Unarmed Combat
  6497 | D:10     | Entered Level 10 of the Dungeon
  6539 | D:10     | Noticed Fannar
  6555 | D:10     | Killed Fannar
  6556 | D:10     | Reached XP level 11. HP: 97/105 MP: 8/10
  6556 | D:10     | Noticed a two-headed ogre
  6571 | D:10     | Killed a two-headed ogre
  6696 | D:10     | Reached skill level 10 in Unarmed Combat
  7196 | D:11     | Noticed a brown ugly thing
  7204 | D:11     | Killed a brown ugly thing
  7221 | D:11     | Noticed Erolcha
  7228 | D:11     | Killed Erolcha
  7249 | D:11     | Noticed Psyche
  7261 | D:11     | Killed Psyche
  7445 | D:11     | Found a staircase to the Lair.
  7464 | D:11     | Reached skill level 11 in Unarmed Combat
  7498 | D:11     | Found a staircase to the Orcish Mines.
  7502 | D:11     | Noticed a two-headed ogre
  7505 | D:11     | Noticed Urug
  7506 | D:11     | Noticed a two-headed ogre
  7514 | D:11     | Killed a two-headed ogre
  7523 | D:11     | Killed Urug
  7527 | D:11     | Killed a two-headed ogre
  7557 | D:11     | Found a frozen archway.
  7581 | IceCv    | Entered an ice cave
  7651 | IceCv    | Reached XP level 12. HP: 92/118 MP: 7/11
  7662 | IceCv    | Reached **** piety under Wu Jian
  7826 | IceCv    | Reached skill level 12 in Unarmed Combat
  8139 | D:11     | Noticed a centaur warrior
  8158 | D:11     | Killed a centaur warrior
  8279 | D:11     | Noticed an eight-headed hydra
  8280 | D:11     | Reached skill level 13 in Unarmed Combat
  8293 | D:11     | Killed a ten-headed hydra
  8294 | D:11     | Noticed a centaur warrior
  8304 | D:11     | Killed a centaur warrior
  8328 | D:11     | Noticed a centaur warrior
  8338 | D:11     | Killed a centaur warrior
  8855 | Lair:1   | Entered Level 1 of the Lair of Beasts
  8937 | Lair:1   | Noticed a catoblepas
  8958 | Lair:1   | Killed a catoblepas
  8959 | Lair:1   | Reached XP level 13. HP: 93/128 MP: 8/12
  9037 | Lair:1   | Reached ***** piety under Wu Jian
  9281 | Lair:1   | Reached skill level 14 in Unarmed Combat
  9291 | Lair:1   | Noticed Amaemon
  9359 | Lair:1   | Killed Amaemon
  9819 | Lair:2   | Reached skill level 10 in Shields
 10309 | Lair:2   | Reached skill level 15 in Unarmed Combat
 10679 | Lair:2   | Found an opulent altar of Gozag.
 10777 | Lair:3   | Found a runed translucent gate.
 10777 | Lair:3   | Found a runed translucent gate.
 10778 | Lair:3   | Found a runed translucent gate.
 10780 | Lair:3   | Noticed Sesiytys's ghost (journeyman HuWn)
 10846 | Lair:3   | Found a gate leading to a gauntlet.
 10929 | Gauntlet | Entered a Gauntlet
 10929 | Gauntlet | Found a transporter.
 10991 | Gauntlet | Found a transporter.
 10993 | Gauntlet | Found a transporter.
 11007 | Gauntlet | Found a transporter.
 11009 | Gauntlet | Found a transporter.
 11015 | Gauntlet | Found a runed translucent door.
 11018 | Gauntlet | Found a transporter.
 11032 | Gauntlet | Found a runed translucent door.
 11033 | Gauntlet | Found a transporter.
 11034 | Gauntlet | Noticed a green death
 11034 | Gauntlet | Found a runed translucent door.
 11044 | Gauntlet | Found a transporter.
 11056 | Gauntlet | Found a transporter.
 11061 | Gauntlet | Found a transporter.
 11061 | Gauntlet | Found a transporter.
 11089 | Gauntlet | Found a transporter.
 11089 | Gauntlet | Found a transporter.
 11139 | Gauntlet | Found a transporter.
 11239 | Gauntlet | Reached XP level 14. HP: 54/124 MP: 3/13
 11386 | Gauntlet | Reached skill level 10 in Fighting
 11463 | Gauntlet | Identified the +0 cloak of Circular Logic {Int+5}
 11608 | Lair:3   | Found a staircase to the Shoals.
 11680 | Lair:3   | Noticed Rupert
 11692 | Lair:3   | Killed Rupert
 11693 | Lair:3   | Reached skill level 16 in Unarmed Combat
 11927 | Lair:3   | Found a hole to the Spider Nest.
 12137 | Lair:3   | Found a viscous altar of Jiyva.
 12775 | Lair:4   | Found a viscous altar of Jiyva.
 12776 | Lair:4   | Found a staircase to the Slime Pits.
 13026 | Lair:5   | Entered Level 5 of the Lair of Beasts
 13136 | Lair:5   | Reached ****** piety under Wu Jian
 13296 | Lair:5   | Reached skill level 17 in Unarmed Combat
 13395 | Lair:5   | Found the ring of the Octopus King
 13453 | Lair:5   | Identified a ring of the Octopus King {rCorr HP+2 AC+2 EV+2
                  | SH+2}
 13754 | Lair:5   | Reached XP level 15. HP: 41/153 MP: 4/14
 13895 | Lair:5   | Found the necklace of Bloodlust {Fury *Rage Will++ Int-3
                  | Slay+6}
 13902 | Lair:5   | Identified the +1 helmet of the Mango {Str+2 Dex+8}
 14355 | Orc:1    | Entered Level 1 of the Orcish Mines
 14632 | Orc:2    | Entered Level 2 of the Orcish Mines
 14685 | Orc:2    | Found a staircase to the Elven Halls.
 14722 | Orc:2    | Found a roughly hewn altar of Beogh.
 14822 | Orc:2    | Paralysed by an orc sorcerer for 2 turns
 15072 | Orc:2    | Found Leubed's Magic Scroll Boutique.
 15072 | Orc:2    | Found Enwuawoc's Antique Armour Shop.
 15072 | Orc:2    | Found Nuyzxong's Antique Armour Boutique.
 15079 | Orc:2    | Found Mealithro's Distillery.
 15082 | Orc:2    | Bought a scroll of revelation for 120 gold pieces
 15085 | Orc:2    | Bought a potion of resistance for 130 gold pieces
 15085 | Orc:2    | Bought 2 potions of might for 104 gold pieces
 15085 | Orc:2    | Bought a potion of heal wounds for 65 gold pieces
 15085 | Orc:2    | Bought a potion of curing for 39 gold pieces
 15085 | Orc:2    | Bought 3 potions of heal wounds for 195 gold pieces
 15085 | Orc:2    | Bought a potion of invisibility for 104 gold pieces
 15565 | Orc:1    | Found Fob Qeh's Weapon Shop.
 15705 | D:12     | Identified the +9 hand axe "Xupel" {flame, +Blink rC+}
 16284 | D:12     | Reached skill level 18 in Unarmed Combat
 16816 | D:13     | Found a broken altar of Ashenzari.
 16967 | D:13     | Learned a level 3 spell: Swiftness
 17204 | D:14     | Identified the orb "Plog" {*Rage, rN++ Str+6 Int-4}
 17285 | D:14     | Found a gate to the Vaults.
 17660 | D:14     | Found a white marble altar of Elyvilon.
 17661 | D:14     | Found a glowing golden altar of the Shining One.
 17662 | D:14     | Found a glowing silver altar of Zin.
 17819 | D:15     | Entered Level 15 of the Dungeon
 17944 | D:15     | Found an iron altar of Okawaru.
 18459 | D:15     | Found a staircase to the Depths.
 18752 | Spider:1 | Entered Level 1 of the Spider Nest
 18813 | Spider:1 | Reached skill level 19 in Unarmed Combat
 18959 | Spider:1 | Reached XP level 16. HP: 165/165 MP: 15/15
 20359 | Spider:3 | Noticed Arachne
 20368 | Spider:3 | Killed Arachne
 20369 | Spider:3 | Reached skill level 20 in Unarmed Combat
 20521 | Spider:3 | Noticed Bai Suzhen
 20542 | Spider:3 | Killed Bai Suzhen
 20826 | Spider:4 | Entered Level 4 of the Spider Nest
 21013 | Shoals:1 | Entered Level 1 of the Shoals
 21930 | Shoals:2 | Reached XP level 17. HP: 174/176 MP: 16/16
 22329 | Shoals:3 | Noticed Jorgrun
 22339 | Shoals:3 | Killed Jorgrun
 22403 | Shoals:3 | Noticed Roxanne
 22413 | Shoals:3 | Killed Roxanne
 22465 | Shoals:3 | Learned a level 2 spell: Blink
 22559 | Shoals:3 | Reached skill level 5 in Shapeshifting
 23110 | Shoals:4 | Entered Level 4 of the Shoals
 23484 | Shoals:4 | Found a glowing golden altar of the Shining One.
 23521 | Shoals:4 | Got a barnacled rune of Zot
 23682 | Shoals:4 | Found a glowing silver altar of Zin.
 24151 | Spider:4 | Reached skill level 10 in Shapeshifting
 24270 | Spider:4 | HP: 1/178 [spark wasp (14)]
 24271 | Spider:4 | Slain by a spark wasp

Illustrated notes

Levels and vault maps discovered:
D:1:      amcnicky_arrival_gap_in_the_tavern_cellar, layout_loops_ring,
          nicolae_ecumenical_lake_church
D:2:      layout_loops_ring, hangedman_abyss_or_decor_stabs,
          minmay_misc_feat_doors
D:3:      layout_basic, grunt_temple_overflow_open, glass_columns_b,
          grunt_decor_arrowhead, chequers_mini_garden, minmay_fractal_squares_5,
          uniq_grinder
D:4:      layout_rooms, kennysheep_generic_room_12
D:5:      layout_gridville
D:6:      layout_basic
D:7:      layout_rooms, minmay_temple_entry_butterflies, uniq_maurice
D:8:      nicolae_BIG_FREAKIN_CUBE, layout_basic, old_standard_altar
D:9:      layout_gridville, minmay_stone_trees_small
D:10:     layout_loops_ring, uniq_fannar
D:11:     hangedman_cross_veins, layout_loops_ring, erik_lair_orcish_takeover,
          orc_0_dummy, portal_ice_cave_entry_pillars_1, uniq_psyche, uniq_urug,
          uniq_erolcha
D:12:     minmay_chambers_of_sixes, layout_basic, serial_aquarium,
          aquarium_bridge_square [aquarium_subvault_bridge,
          aquarium_subvault_wall, aquarium_subvault_bridge,
          aquarium_subvault_wall], aquarium_window_corner, aquarium_window_fake,
          aquarium_window_fake, aquarium_view_2e, fountainhead, disabler_island
D:13:     layout_roguey, cheibrodos_ashenzari_chains
D:14:     layout_cave_pools, erik_vaults_1, good_gods_temple_1
D:15:     hellmonk_depths_entry_around_the_bend, layout_loops_ring,
          okawaru_gym_becter
Lair:1:   minmay_lair_oklob_chamber, layout_long_grid, st_stairs_10,
          uniq_amaemon
Lair:2:   layout_regular_city, lemuel_oklob_altar
Lair:3:   layout_roguey, minmay_shoals_entry_beasts, dummy_spider_entry,
          gauntlet_entry_generic, gammafunk_ghost_ooze, uniq_rupert
Lair:4:   layout_regular_city, minmay_slime_entry_pillars, minmay_hedge_maze,
          chequers_serial_rivers_small_b
Lair:5:   grunt_lair_end_beastmaster, layout_gridlike, pdpol_lair_cavern_descent
Shoals:1: layout_shoals
Shoals:2: layout_shoals, nicolae_shop_self_help, uniq_polyphemus, uniq_ilsuiw,
          uniq_nikola
Shoals:3: layout_shoals, nicolae_shoals_lost_giant_amphitheater,
          nicolae_shoals_former_cling_halls, uniq_jorgrun, uniq_roxanne
Shoals:4: shoals_end_hellmonk_holy_island
Spider:1: layout_spider_delve, nicolae_spider_spiderdrome
Spider:2: layout_spider_delve
Spider:3: layout_spider_delve, uniq_bai_suzhen, uniq_arachne
Spider:4: grunt_spider_rune_circles, nicolae_spider_not_touching_you
Orc:1:    layout_caves, serial_shops, nicolae_shop_bloodbath_and_beyond
Orc:2:    st_orc_mages, layout_diamond_mine, mines2_david

Skill      XL: |  1  2  3  4  5  6  7  8  9 10 11 12 13 14 15 16 17 |
---------------+----------------------------------------------------+-----
Shields        | 3 4 5 6 8 9 10 11 13 14 | 14.3
Unarmed Combat | 3 4 5 6 9 11 13 15 17 19 20 | 20.8
Fighting       | 3 4 6 7 8 9 11 12 13 | 13.1
Dodging        | 3 4 7 10 11 | 11.0
Shapeshifting  | 1 4 10 | 10.0
Throwing       | 2 |  2.1

Action                     |  1- 3 |  4- 6 |  7- 9 | 10-12 | 13-15 | 16-18 || total
---------------------------+-------+-------+-------+-------+-------+-------++-------
  Melee: Unarmed           |    82 |   105 |   311 |   626 |  1327 |   999 ||  3450
  Throw: Stone             |       |     4 |     2 |       |       |     3 ||     9
 Invoke: Serpent's Lash    |       |       |       |     4 |     7 |     2 ||    13
         Heavenly Storm    |       |       |       |       |     3 |     4 ||     7
Ability: Lunge             |       |     5 |    31 |    36 |    97 |    70 ||   239
         Whirlwind         |       |       |    45 |   115 |   415 |   335 ||   910
         Begin Untransform |       |       |     1 |       |       |       ||     1
         Wall Jump         |       |       |       |     5 |     4 |       ||     9
  Evoke: Wand              |       |       |       |     5 |    23 |       ||    28
         Lightning rod     |       |       |       |       |     4 |     6 ||    10
    Use: Scroll            |       |    14 |     3 |     5 |    12 |     2 ||    36
         Potion            |       |     3 |       |     2 |     3 |     6 ||    14
   Stab: Petrified         |       |       |       |     4 |    13 |       ||    17
         Petrifying        |       |       |       |     1 |     3 |       ||     4
 Armour: Robe              |    53 |    80 |    47 |       |       |       ||   180
         Steam dragon scal |       |       |    80 |   185 |       |       ||   265
         Acid dragon scale |       |       |       |    67 |   454 |   331 ||   852
  Dodge: Dodged            |    22 |    43 |   123 |   316 |   524 |   452 ||  1480
  Block: Kite shield       |    33 |    46 |   124 |   298 |   611 |   784 ||  1896
         Reflection        |       |       |       |       |    33 |    21 ||    54
   Form: Beast             |       |       |     1 |       |       |       ||     1

Table legend: (Time is in decaauts)
 A = Elapsed time spent in this place.
 B = Non-inter-level travel time spent in this place.
 C = Inter-level travel time spent in this place.
 D = Time resting spent in this place.
 E = Time spent auto-exploring this place.
 F = Levels seen in this place.
 G = Mean time per level.
                   A        B        C        D        E       F      G
               +--------+--------+--------+--------+--------+-----+--------+
         Total |  23954 |  22560 |   1394 |   1267 |  15299 |  32 |  748.6 |
       Dungeon |  11344 |  10796 |    548 |    288 |   7780 |  15 |  756.3 |
          Lair |   4988 |   4535 |    453 |    151 |   3156 |   5 |  997.6 |
        Shoals |   2723 |   2616 |    107 |    408 |   1461 |   4 |  680.8 |
   Spider Nest |   2567 |   2351 |    216 |    130 |   1575 |   4 |  641.8 |
  Orcish Mines |   1245 |   1178 |     67 |    109 |    756 |   2 |  622.5 |
      Ice Cave |    492 |    492 |      0 |     60 |    262 |   1 |  492.0 |
      Gauntlet |    592 |    592 |      0 |    121 |    309 |   1 |  592.0 |
               +--------+--------+--------+--------+--------+-----+--------+

Top non-repeatable levels by time:
    D:11: 1248 daAuts
  Lair:5: 1184 daAuts
Shoals:3: 1101 daAuts
  Lair:1: 1031 daAuts
  Lair:2: 970 daAuts
     D:6: 963 daAuts
    D:12: 931 daAuts
  Lair:3: 925 daAuts
  Lair:4: 875 daAuts
     D:8: 865 daAuts
Shoals:1: 830 daAuts
     D:2: 810 daAuts
   Orc:2: 786 daAuts
Spider:2: 783 daAuts
Spider:1: 777 daAuts
